 Dungeon Crawl Stone Soup version 0.25-a0-603-g0321be95db (webtiles) character file.

Game seed: 4995873230486274124, levelgen mode: deterministic

3038 CryoSword the Ruffian (level 9, -12/84 HPs)
             Began as a Troll Transmuter on Mar 16, 2020.
             Was a Priest of Kikubaaqudgha.
             Mangled by a hog (13 damage)
             ... on level 7 of the Dungeon.
             The game lasted 00:32:32 (6816 turns).

CryoSword the Ruffian (Troll Transmuter)            Turns: 6816, Time: 00:32:32

Health: -12/84     AC:  7    Str: 20    XL:     9   Next: 56%
Magic:  9/9        EV: 11    Int: 12    God:    Kikubaaqudgha [***...]
Gold:   299        SH:  0    Dex: 10    Spells: 2/10 levels left

rFire    + . .     SeeInvis .     - Unarmed
rCold    + + .     Gourm    +   (no shield)
rNeg     . . .     Faith    .   p - +1 robe {MR+}
rPois    .         Spirit   .   (helmet restricted)
rElec    .         Reflect  .   H - scarf {rC+ rF+}
rCorr    +         Harm     .   (gloves unavailable)
MR       +....                  (boots unavailable)
Stlth    +.........             (no amulet)
HPRegen  0.64/turn              o - ring of resist corrosion
MPRegen  0.11/turn              B - ring of protection from cold

@: no status effects
A: large, unfitting armour, claws 3, fast metabolism 3, gourmand, regeneration
1, shaggy fur 1, tough skin 3
a: Receive Corpses, Renounce Religion


You were on level 7 of the Dungeon.
You worshipped Kikubaaqudgha.
Kikubaaqudgha was most pleased with you.
You were very full.

You visited 2 branches of the dungeon, and saw 8 of its levels.
You also visited: Sewer.

You collected 299 gold pieces.

Inventory:

Missiles
 a - 94 arrows
 u - 12 poisoned darts (quivered)
 v - 7 boomerangs
 J - 6 silver javelins
Armour
 p - a +1 robe of magic resistance (worn)
   (You took it off Jessica on level 2 of the Dungeon)
 H - a scarf of resistance (worn)
   (You found it in a sewer)
Jewellery
 o - a ring of resist corrosion (left claw)
   (You found it on level 2 of the Dungeon)
 B - a ring of protection from cold (right claw)
   (You found it on level 4 of the Dungeon)
Wands
 r - a wand of scattershot (3)
   (You took it off an orc on level 3 of the Dungeon)
 t - a wand of paralysis (6)
   (You found it on level 3 of the Dungeon)
 y - a wand of flame (12)
   (You found it on level 4 of the Dungeon)
 G - a wand of acid (5)
   (You found it on level 6 of the Dungeon)
Scrolls
 b - a scroll of enchant armour
 f - 6 scrolls of identify {@r1}
 g - 3 scrolls of remove curse {@r2}
 i - 10 scrolls of teleportation {@r4}
 j - 5 scrolls of enchant weapon
 k - a scroll of noise {unknown}
 l - 2 scrolls of magic mapping {unknown}
 n - 2 scrolls of amnesia
 q - a scroll of immolation {unknown}
 s - a scroll of blinking {unknown}
 w - a scroll of fear {unknown}
 x - a scroll of random uselessness {unknown}
 E - 2 scrolls of fog {unknown}
Potions
 c - 4 potions of brilliance
 m - 5 potions of flight {unknown}
 z - a potion of mutation {unknown}
 A - a potion of stabbing {unknown}
 C - 2 potions of berserk rage {unknown}
 D - 2 potions of lignification {unknown}
 F - 2 potions of might {unknown}
 I - a potion of curing {unknown}
 K - a potion of heal wounds {unknown}
Comestibles
 d - 15 rations {!d}


   Skills:
 + Level 4.2 Fighting
 + Level 4.6 Dodging
 + Level 7.1 Unarmed Combat
 - Level 1.2 Spellcasting
 * Level 4.1 Necromancy
 * Level 5.9 Transmutations


You had 2 spell levels left.
You knew the following spells:

 Your Spells              Type           Power        Failure   Level  Hunger
a - Beastly Appendage     Tmut           ##....       2%          1    ##.....
b - Sticks to Snakes      Tmut           ##......     4%          2    ###....
c - Animate Skeleton      Necr           N/A          5%          1    ##.....
d - Animate Dead          Necr           N/A          47%         4    #####..

Your spell library contained the following spells:

 Spells                   Type           Power        Failure   Level  Hunger
 Pain                     Necr           ##..         5%          1    ##.....
 Sublimation of Blood     Necr           ##........   9%          2    ###....
 Vampiric Draining        Necr           ##........   16%         3    ####...
 Spider Form              Tmut/Pois      #.........   26%         3    ####...
 Dispel Undead            Necr           ##......     47%         4    #####..
 Blade Hands              Tmut           ##........   58%         5    ######.
 Ice Form                 Ice/Tmut       #.......     65%         4    #####..
 Agony                    Necr           ##......     83%         5    ######.
 Borgnjor's Vile Clutch   Necr/Erth      #.........   98%         5    ######.
 Simulacrum               Ice/Necr       #.........   100%        6    #######


Dungeon Overview and Level Annotations

Branches:
Dungeon (7/15)             Temple (1/1) D:4           Sewer (visited)

Altars:
Fedhas
Kikubaaqudgha
Nemelex Xobeh
Sif Muna
Wu Jian
Zin

Shops:
D:4 [


Innate Abilities, Weirdness & Mutations

You are too large for most types of armour.
You have claws for hands.
Your metabolism is lightning-fast.
You like to eat raw meat.
Your natural rate of healing is unusually fast.
You are covered in fur. (AC +1)
You have extremely tough skin. (AC +3)


Message History

The orc warrior hits you with a +0 long sword!
* * * LOW HITPOINT WARNING * * *
Your orc skeleton barely misses the orc warrior.
Your orc skeleton hits the orc with a +0 war axe.
Your orc skeleton closely misses the orc priest.
The orc priest hits your orc skeleton but does no damage.
The orc hits your orc skeleton but does no damage.
You open the door.
The orc priest barely misses your orc skeleton.
Your orc skeleton hits the orc warrior but does no damage.
Your orc skeleton barely misses the orc.
Your orc skeleton hits the orc priest with a +0 war axe.
The orc hits your orc skeleton but does no damage.
Something hits your orc skeleton!
Your orc skeleton is destroyed!
There is an open door here.
The orc warrior hits you but does no damage.
You see here a robe.
The orc priest calls upon Beogh to heal the orc.
The orc's wounds heal themselves!
The orc priest casts a cantrip, but nothing happens.
Your magical contamination has completely faded away.
Your transformation is almost over.
There is a stone staircase leading up here.
You climb upwards.
There is a stone staircase leading down here.
Your talons disappear.
You see here a war axe.
Things that are here:
a +0 robe; a +1 dagger of draining
There is a stone staircase leading down here.
You start resting.
Magic restored.
You climb downwards.
There is a stone staircase leading up here.
There is an open door here.
You see here 15 stones.
You see here an uncursed ring of attention.
There is an open door here.
There is an open door, spattered with blood here.
You open the door. 2 hogs, a yak and a human come into view.
The yak bellows!
The hog squeals angrily.
The human shouts!
You hear an angry squeal.
A hog comes into view.
The human picks up 13 stones.
Found 5 rations.
There is an open door here.
Casting: Animate Skeleton (safe; 6% risk of failure)
Confirm with . or Enter, or press ? or * to list all spells.
You create a snake!
You now have 94 arrows.
The hog bites you!
Casting: Sticks to Snakes (safe; 4% risk of failure)
Confirm with . or Enter, or press ? or * to list all spells.
Your feet morph into talons.
The hog bites you.
You barely miss the hog. You claw the hog!
The hog is moderately wounded.
You claw the hog! Your kick misses the hog.
The hog is severely wounded.
The hog bites you but does no damage.
Your adder barely misses the hog.
The human misses you.
You scratch the hog. You claw the hog.
The hog is almost dead.
Your adder bites the hog.
The hog dies!
Kikubaaqudgha accepts your kill.
Your Necromancy skill increases to level 4!
Your adder looks stronger.
The human hits you with a +0 hand axe!
You closely miss the human. Your adder misses the human.
You completely miss the human. Your kick misses the human.
The human misses you.
The human hits your adder with a +0 hand axe!
Your adder bites the human.
You closely miss the human.
The human is lightly wounded.
Your adder bites the human.
The human is poisoned.
Your adder poisons the human!
The human hits you with a +0 hand axe.
The human hits your adder with a +0 hand axe.
You claw the human! Your claw misses the human.
The human is moderately wounded.
Your adder bites the human.
The human hits you with a +0 hand axe!
The human hits your adder with a +0 hand axe.
Your adder dies!
You closely miss the human.
The human is heavily wounded.
You scratch the human but do no damage. Your kick misses the human.
The human is heavily wounded.
The human misses you.
You scratch the human. Your kick misses the human. Your claw misses the human.
The human is almost dead.
The human hits you with a +0 hand axe.
You barely miss the human. You claw the human.
The human is almost dead.
The human hits you with a +0 hand axe.
You claw the human!
You kill the human!
Kikubaaqudgha accepts your kill.
Your transformation is almost over.
You claw the hog!
The hog is heavily wounded.
The hog misses you. The yak gores you. The hog closely misses you.
The hog bites you but does no damage.
There is an open door, spattered with blood here.
Items here: ( ) [ † a +0 hand axe; 13 stones; a +0 animal skin; a human corpse You barely miss the hog.
Your kick misses the hog. Your claw misses the hog.
The hog is heavily wounded.
The hog bites you!
* * * LOW HITPOINT WARNING * * *
The yak gores you!
* * * LOW HITPOINT WARNING * * *
The hog barely misses you. The hog bites you!
* * * LOW HITPOINT WARNING * * *
The hog bites you.
* * * LOW HITPOINT WARNING * * *
Okay, then.
Okay, then.
The hog bites you but does no damage.
Your talons disappear.
The hog barely misses you. The hog bites you.
* * * LOW HITPOINT WARNING * * *
The hog bites you but does no damage. The hog closely misses you.
You see here a robe.
The hog bites you.
* * * LOW HITPOINT WARNING * * *
The hog bites you but does no damage. The hog bites you but does no damage.
The hog bites you.
* * * LOW HITPOINT WARNING * * *
The hog bites you.
* * * LOW HITPOINT WARNING * * *
There is an open door, spattered with blood here.
The hog bites you!
* * * LOW HITPOINT WARNING * * *
There is an open door here.
The hog bites you.
* * * LOW HITPOINT WARNING * * *
There is an open door here.
The hog bites you but does no damage. The hog closely misses you.
There is a stone staircase leading up here.
The hog bites you!
* * * LOW HITPOINT WARNING * * *
The hog closely misses you. The hog bites you!
You die...
Kikubaaqudgha rasps: "You have failed me!
Welcome... death!"

#.....#......#..Z.##
#.....###########'#
#.<...........#...##
#.............#....#
#.............#....#
#.............#....#
#.............'...##
#.............#....#
#..@h.Y.......####.#
####h#####'##>.....#
#....#......#......#
#..(.#....Y.#......#
#....#......+......#
##...###...##.Z....#
##...###'######'####
#......#..h......#
#......'.........#


You could see a yak and 2 hogs.

Vanquished Creatures
  Grinder (D:5)
  A hornet (D:7)
  Eustachio (D:5)
  A human (D:7)
  A sky beast (D:7)
  A black bear (D:7)
  An ice beast (D:5)
  A phantom (D:6)
  2 ogres (D:4)
  A centaur (D:6)
  A big kobold (Sewer)
  5 bullfrogs
  3 scorpions
  A water moccasin skeleton (D:5)
  4 crimson imps
  2 hounds
  A jelly (D:6)
  2 quasits (Sewer)
  A bullfrog zombie (D:5)
  An orc priest (D:6)
  4 orc wizards
  Crazy Yiuf (D:2)
  An iguana (D:4)
  Jessica (D:2)
  Natasha (thrice) (D:2)
  4 worker ants
  3 big kobold zombies (Sewer)
  A hound skeleton (D:4)
  Robin (D:3)
  6 gnolls
  A worker ant zombie (D:6)
  11 adders
  2 shadow imps (Sewer)
  5 ufetubi (Sewer)
  3 oozes
  3 worms (D:2)
  8 leopard geckos
  18 orcs
  9 bats
  8 giant cockroaches
  12 goblins
  5 hobgoblins
  4 jackals
  2 quokkas
  A ball python (D:3)
  3 frilled lizards
  A jackal zombie (D:6)
  20 kobolds
  4 rats
177 creatures vanquished.

Vanquished Creatures (collateral kills)
  A hog (D:7)
  A bullfrog (D:6)
  A hound (D:6)
  An orc wizard (D:6)
  A jelly (D:6)
  A gnoll (D:5)
  An adder (D:5)
  A shadow imp (Sewer)
  An ooze (Sewer)
  4 orcs
  A bat (Sewer)
  A goblin (D:3)
  2 kobolds (Sewer)
  A rat (D:2)
18 creatures vanquished.

Vanquished Creatures (others)
  An ooze (Sewer)
1 creature vanquished.

Grand Total: 196 creatures vanquished

Notes
Turn   | Place    | Note
-------+----------+-------------------------------------------
     0 | D:1      | CryoSword the Troll Transmuter began the quest for the Orb.
     0 | D:1      | Reached XP level 1. HP: 18/18 MP: 1/1
   195 | D:1      | Reached XP level 2. HP: 26/26 MP: 0/2
   303 | D:1      | Reached skill level 1 in Fighting
   690 | D:1      | Learned a level 2 spell: Sticks to Snakes
   697 | D:2      | Reached XP level 3. HP: 26/33 MP: 1/3
   793 | D:2      | Noticed Jessica
   805 | D:2      | Killed Jessica
   834 | D:2      | Noticed Natasha
   913 | D:2      | Killed Natasha
   913 | D:2      | Reached XP level 4. HP: 41/41 MP: 1/4
   916 | D:2      | Noticed Natasha
   936 | D:2      | Killed Natasha
  1046 | D:2      | Reached skill level 4 in Unarmed Combat
  1058 | D:2      | Noticed Natasha
  1067 | D:2      | Killed Natasha
  1067 | D:2      | Reached XP level 5. HP: 46/48 MP: 1/5
  1332 | D:2      | Found a runed translucent door.
  1333 | D:2      | Noticed Crazy Yiuf
  1596 | D:2      | Killed Crazy Yiuf
  1746 | D:3      | Noticed Robin
  1777 | D:3      | Killed Robin
  2058 | D:3      | Reached XP level 6. HP: 51/57 MP: 2/6
  2192 | D:3      | Found a blossoming altar of Fedhas.
  2750 | D:4      | Found a staircase to the Ecumenical Temple.
  2759 | Temple   | Entered the Ecumenical Temple
  2767 | Temple   | Became a worshipper of Kikubaaqudgha
  2899 | D:4      | Reached skill level 5 in Unarmed Combat
  2911 | D:4      | Found Zashrarph's Armour Emporium.
  2981 | D:4      | Reached XP level 7. HP: 59/66 MP: 7/7
  3393 | D:5      | Entered Level 5 of the Dungeon
  3395 | D:5      | Noticed Eustachio
  3538 | D:5      | Noticed Grinder
  3562 | D:5      | Paralysed by Grinder for 2 turns
  3566 | D:5      | Killed Grinder
  3566 | D:5      | Reached skill level 6 in Unarmed Combat
  3628 | D:5      | Reached XP level 8. HP: 75/75 MP: 6/8
  3696 | D:5      | Killed Eustachio
  3696 | D:5      | Reached skill level 1 in Necromancy
  3779 | D:5      | Reached * piety under Kikubaaqudgha
  3779 | D:5      | Identified Kikubaaqudgha's Grimoire of Stolen Souls
                  | (Kikubaaqudgha gifted it to you on level 5 of the Dungeon)
  3779 | D:5      | Received a gift from Kikubaaqudgha
  3783 | D:5      | Learned a level 1 spell: Animate Skeleton
  4710 | D:6      | Reached skill level 5 in Transmutations
  4805 | D:6      | Found a glowing drain.
  4821 | Sewer    | Entered a sewer
  4847 | Sewer    | Reached ** piety under Kikubaaqudgha
  4976 | Sewer    | Found a burning altar of Makhleb.
  5034 | Sewer    | Reached XP level 9. HP: 84/84 MP: 1/9
  5574 | D:6      | Reached *** piety under Kikubaaqudgha
  5574 | D:6      | Identified Kikubaaqudgha's Catalogue of Darkness
                  | (Kikubaaqudgha gifted it to you on level 6 of the Dungeon)
  5574 | D:6      | Received a gift from Kikubaaqudgha
  5589 | D:6      | Learned a level 4 spell: Animate Dead
  6441 | D:7      | Paralysed by a hornet for 2 turns
  6543 | D:7      | Reached skill level 7 in Unarmed Combat
  6816 | D:7      | HP: 1/84 [hog (13)]
  6816 | D:7      | Mangled by a hog

Levels and vault maps discovered:
D:1:      minmay_arrival_four_circles, layout_loops_ring
D:2:      layout_rooms, uniq_crazy_yiuf_cottage, uniq_natasha, uniq_jessica
D:3:      layout_basic, lemuel_round_altar, uniq_robin
D:4:      layout_gridville, minmay_temple_entry_drinking_statues, serial_shops,
          shop_fountains
D:5:      minmay_skewed_foursquare, layout_basic, first_ration, uniq_eustachio,
          uniq_grinder
D:6:      layout_layer_cave, gup_sewer_entry_pipe, minmay_puff
D:7:      layout_gridville, grunt_livestock
Temple:   regret_index_temple_mists

Skill      XL: |  1  2  3  4  5  6  7  8  9 |
---------------+----------------------------+-----
Fighting       | 1 2 3 4 |  4.2
Dodging        | 2 3 4 |  4.6
Transmutations | 2 3 4 5 |  5.9
Unarmed Combat | 4 5 6 7 |  7.1
Necromancy     | 2 4 |  4.1
Spellcasting   | |  1.2

Action                   |  1- 3 |  4- 6 |  7- 9 || total
-------------------------+-------+-------+-------++-------
Melee: Unarmed           |    53 |   162 |   307 ||   522
       Headbutt          |     4 |     4 |     4 ||    12
       Punch             |       |     3 |    10 ||    13
       Kick              |       |    11 |    24 ||    35
Throw: Stone             |     1 |     1 |     4 ||     6
 Cast: Beastly Appendage |    15 |    28 |    41 ||    84
       Sticks to Snakes  |     1 |    11 |    34 ||    46
       Animate Skeleton  |       |       |    30 ||    30
  Use: Scroll            |     1 |     2 |     3 ||     6
 Stab: Distracted        |       |       |     3 ||     3
  Eat: Chunk             |    14 |    22 |    40 ||    76
Armor: Robe              |    30 |    57 |   124 ||   211
Dodge: Dodged            |    40 |    87 |   192 ||   319

Table legend:
 A = Non-vault XP
 B = Vault XP
 C = Vault XP percentage of total XP
 D = Non-vault monster count
 E = Vault monster count
 F = Vault count percentage of total count
                 A         B        C        D         E       F
            +---------+---------+-------+---------+---------+-------
      Total |    2943 |    1398 |  32.2 |     133 |      62 |  31.8
            +---------+---------+-------+---------+---------+-------
        D:1 |      31 |       0 |   0.0 |      12 |       0 |   0.0
        D:2 |     141 |     104 |  42.4 |      24 |       3 |  11.1
        D:3 |     146 |      30 |  17.0 |      26 |       9 |  25.7
        D:4 |     543 |       0 |   0.0 |      12 |       0 |   0.0
        D:5 |     516 |     413 |  44.5 |      21 |       3 |  12.5
        D:6 |     852 |     149 |  14.9 |      26 |      11 |  29.7
        D:7 |     714 |     326 |  31.3 |      12 |       2 |  14.3
      Sewer |       0 |     376 | 100.0 |       0 |      34 | 100.0
            +---------+---------+-------+---------+---------+-------
